 Dungeon Crawl Stone Soup version 0.21.1-1-g345015fe64 (webtiles) character file.

3269 gretler the Blocker (level 10, 0/76 HPs)
             Began as a Formicid Fighter on July 27, 2018.
             Was a Believer of Okawaru.
             Succumbed to a killer bee's poison
             ... on level 7 of the Dungeon.
             The game lasted 00:16:57 (10000 turns).

gretler the Blocker (Formicid Fighter)             Turns: 10000, Time: 00:16:58

Health: 0/76       AC: 15    Str: 29    XL:     10   Next: 19%
Magic:  10/10      EV:  8    Int:  8    God:    Okawaru [**....]
Gold:   485        SH: 13    Dex: 10    Spells: 9/9 levels left

rFire    . . .     SeeInvis +   p - +1 scythe (freeze)
rCold    . . .     Gourm    .   c - +1 shield
rNeg     . . .     Faith    .   k - +0 plate armour
rPois    .         Spirit   .   (helmet unavailable)
rElec    .         Reflect  .   (no cloak)
rCorr    .         Harm     .   (no gloves)
MR       +....                  (no boots)
Stlth    ..........             (no amulet)
HPRegen  0.22/turn              C - +2 ring of protection
MPRegen  0.12/turn              (no ring)

@: mighty, lethally poisoned (0 -> -4)
A: permanent stasis, dig shafts and tunnels, four strong arms, antennae 3
a: Dig, Shaft Self, Heroism, Renounce Religion


You were on level 7 of the Dungeon.
You worshipped Okawaru.
Okawaru was pleased with you.
You were hungry.

You visited 2 branches of the dungeon, and saw 8 of its levels.
You also visited: Sewer.

You collected 485 gold pieces.

Inventory:

Hand Weapons
 p - a +1 scythe of freezing (weapon)
Armour
 c - a +1 shield (worn)
 k - a +0 plate armour (worn)
Jewellery
 d - an uncursed ring of see invisible {unknown}
 C - a +2 ring of protection (left hand)
Wands
 a - a wand of flame (29)
 v - a wand of polymorph (20)
 A - a wand of digging (31)
 D - a wand of iceblast (6)
Scrolls
 e - 7 scrolls of remove curse
 h - a scroll of identify
 i - 3 scrolls of enchant weapon
 l - a scroll of brand weapon {unknown}
 m - a scroll of amnesia
 t - a scroll of immolation
 y - 2 scrolls of magic mapping
Potions
 b - a potion of lignification {unknown}
 g - 2 potions of brilliance
 j - a potion of mutation
 n - 6 potions of flight
 w - a potion of resistance
 z - a potion of agility
Books
 u - a book of Changes

   Spells                             Type                      Level
   a - Beastly Appendage              Transmutation                1
   b - Sticks to Snakes               Transmutation                2
   c - Spider Form                    Transmutation/Poison         3
   d - Ice Form                       Ice/Transmutation            4
   e - Blade Hands                    Transmutation                5
 B - a book of Cantrips

   Spells                             Type                      Level
   a - Confusing Touch                Hexes                        1
   b - Animate Skeleton               Necromancy                   1
   c - Summon Small Mammal            Summoning                    1
   d - Apportation                    Translocation                1
Comestibles
 f - 14 rations


   Skills:
 + Level 5.9 Fighting
 + Level 8.9 Polearms
 + Level 7.5 Armour
 + Level 1.7 Dodging
 + Level 0.7 Stealth
 + Level 9.2 Shields


You had 9 spell levels left.
You didn't know any spells.

Dungeon Overview and Level Annotations

Branches:
Dungeon (7/15)             Temple (1/1) D:6

Altars:
Ashenzari
Cheibriados
Dithmenos
Elyvilon
Fedhas
Gozag
Kikubaaqudgha
Makhleb
Nemelex Xobeh
Okawaru
Qazlal
Ru
Sif Muna
Trog
Uskayaw
Vehumet
Wu Jian
Xom
Yredelemnul
Zin
The Shining One

Shops:
D:4 %   D:6 (


Innate Abilities, Weirdness & Mutations

You cannot be hasted, slowed, berserked, paralysed or teleported.
You can dig through walls and to a lower floor.
Your four strong arms can wield two-handed weapons with a shield.
You have a pair of large antennae on your head. (SInv)


Message History

Okawaru accepts your kill.
You feel sick. You block the hornet's attack. x2
You miss the hornet.
You feel sick. The hornet stings you.
* * * LOW HITPOINT WARNING * * *
Your stasis prevents you from being slowed.
The orc warrior closely misses you. You block the hornet's attack.
The orc warrior hits you from afar with a glaive!
* * * LOW HITPOINT WARNING * * *
You closely miss the hornet.
You feel sick.
The hornet stings you but does no damage.
The hornet stings you.
* * * LOW HITPOINT WARNING * * *
Your stasis prevents you from being slowed.
You block the orc warrior's attack. You block the hornet's attack.
You closely miss the hornet.
You feel sick. The hornet barely misses you.
The orc warrior hits you from afar with a glaive!
* * * LOW HITPOINT WARNING * * *
You block the hornet's attack.
Unknown command.
You die...

# . ### # ...{
##### # #(.. ... #
###..# ##y## #
....# #{..#
########..#
#####o#...{{#
..†.......#
##.@.yc#.###{H.
######...##
##..###s#.#{ #
###.# #..## #.o..
{ ##### ##.# #.##
##..# {{
....###..# #.# #.#
###.##..## #.## ##
....##..# ###..##
##......###.##..##
...###..##...##..#


You could see a hornet, an orc warrior, a centaur and a scorpion.

Vanquished Creatures
  The ghost of IceCat the Basher, a novice GrBe of Trog (D:6)
  Sigmund (D:2)
  3 yaks (D:5)
  Eustachio (D:4)
  Edmund (D:5)
  Duvessa (D:6)
  2 orc warriors (D:6)
  A necrophage (D:7)
  2 ogres (D:7)
  A centaur (D:6)
  The ghost of cokecookie the Magician, an amateur DEWz (D:3)
  Blork the orc (D:5)
  3 bullfrogs (D:6)
  Dowan (D:6)
  A scorpion (D:4)
  A killer bee (D:7)
  A crimson imp (D:5)
  3 hounds
  9 orc priests
  2 iguanas
  Natasha (thrice) (D:1)
  2 orc wizards
  2 worker ants
  A merfolk siren (Sewer)
  A merfolk avatar (Sewer)
  2 hound zombies
  A hound skeleton (D:4)
  4 gnolls
  11 adders
  A river rat (Sewer)
  A shadow imp (D:7)
  3 oozes
  An adder skeleton (D:4)
  A worm (D:2)
  3 dart slugs
  3 leopard geckos (D:3)
  20 orcs
  5 ball pythons (Sewer)
  6 giant cockroaches
  5 goblins
  5 hobgoblins
  11 jackals
  9 kobolds
  7 bats
  5 frilled lizards
  39 rats
  A plant (D:4)
190 creatures vanquished.

Notes
Turn   | Place    | Note
-------+----------+-------------------------------------------
     0 | D:1      | gretler the Formicid Fighter began the quest for the Orb.
     0 | D:1      | Reached XP level 1. HP: 18/18 MP: 1/1
    66 | D:1      | Reached XP level 2. HP: 22/24 MP: 2/2
    93 | D:1      | Reached skill level 4 in Shields
   169 | D:1      | Reached XP level 3. HP: 9/29 MP: 3/3
  1106 | D:2      | Reached XP level 4. HP: 29/35 MP: 4/4
  1289 | D:2      | Noticed Natasha
  1291 | D:2      | Noticed Sigmund
  1741 | D:1      | Killed Natasha
  1923 | D:1      | Noticed Natasha
  1933 | D:1      | Killed Natasha
  1933 | D:1      | Reached XP level 5. HP: 29/41 MP: 5/5
  2096 | D:1      | Noticed Natasha
  2119 | D:1      | Killed Natasha
  2698 | D:2      | Killed Sigmund
  2698 | D:2      | Reached skill level 5 in Armour
  2698 | D:2      | Reached skill level 5 in Shields
  2698 | D:2      | Reached XP level 6. HP: 48/48 MP: 6/6
  3367 | D:3      | Noticed cokecookie's ghost (amateur DEWz)
  3386 | D:3      | Killed cokecookie's ghost
  3386 | D:3      | Reached XP level 7. HP: 47/53 MP: 7/7
  3483 | D:3      | Found a glowing drain.
  3507 | Sewer    | Entered a sewer
  3613 | Sewer    | Reached skill level 1 in Dodging
  4041 | Sewer    | Reached skill level 6 in Shields
  4648 | D:4      | Found Limael's Food Shop.
  4900 | D:4      | Noticed Eustachio
  4910 | D:4      | Killed Eustachio
  4910 | D:4      | Reached skill level 5 in Polearms
  4910 | D:4      | Reached XP level 8. HP: 41/61 MP: 8/8
  5886 | D:5      | Entered Level 5 of the Dungeon
  5926 | D:5      | HP: 1/61 [adder (3)]
  6253 | D:5      | Noticed Edmund
  6266 | D:5      | Killed Edmund
  6380 | D:5      | Reached skill level 7 in Shields
  6488 | D:5      | Noticed a yak
  6489 | D:5      | Noticed a yak
  6489 | D:5      | Noticed a yak
  6495 | D:5      | Killed a yak
  6497 | D:5      | Killed a yak
  6497 | D:5      | Reached skill level 5 in Fighting
  6503 | D:5      | Killed a yak
  6503 | D:5      | Reached XP level 9. HP: 33/68 MP: 9/9
  6689 | D:5      | Noticed Blork the orc
  6697 | D:5      | Killed Blork the orc
  7279 | D:6      | Found a staircase to the Ecumenical Temple.
  7282 | D:6      | Noticed Duvessa
  7283 | D:6      | Noticed Dowan
  7287 | D:6      | Killed Duvessa
  7287 | D:6      | Reached skill level 8 in Shields
  7302 | D:6      | Killed Dowan
  7415 | Temple   | Entered the Ecumenical Temple
  7519 | Temple   | Became a worshipper of Warmaster Okawaru
  8158 | D:6      | Found Putasik's Weapon Boutique.
  8342 | D:6      | Noticed IceCat's ghost (novice GrBe)
  8357 | D:6      | Killed IceCat's ghost
  8357 | D:6      | Reached * piety under Okawaru
  8510 | D:6      | Reached XP level 10. HP: 11/76 MP: 10/10
  8922 | D:6      | Reached skill level 9 in Shields
  9395 | D:6      | Reached ** piety under Okawaru
  9525 | D:7      | Found a shimmering altar of Xom.
  9999 | D:7      | HP: 1/76 [orc warrior/glaive (9)]
 10000 | D:7      | Succumbed to a killer bee's poison

Skill      XL: |  1  2  3  4  5  6  7  8  9 10 |
---------------+-------------------------------+-----
Shields        | 4 5 6 7 8 9 |  9.2
Armour         | 4 5 6 7 |  7.5
Polearms       | 3 4 5 6 8 |  8.9
Dodging        | 1 |  1.7
Fighting       | 4 5 |  5.9
Stealth        | |  0.7

Action                   |  1- 3 |  4- 6 |  7- 9 | 10-12 || total
-------------------------+-------+-------+-------+-------++-------
Melee: Trident           |   164 |   128 |       |       ||   292
       Scythe            |       |    91 |   632 |    57 ||   780
 Abil: Dig               |     2 |       |       |       ||     2
  Use: Potion            |       |       |     2 |     2 ||     4
       Scroll            |       |       |    15 |       ||    15
  Eat: Chunk             |     2 |     7 |    16 |     4 ||    29
       Ration            |       |       |     1 |       ||     1
Armor: Scale mail        |    74 |       |       |       ||    74
       Plate armour      |    45 |   117 |   431 |    30 ||   623
Dodge: Dodged            |    64 |    47 |   190 |    20 ||   321
Block: Shield            |   131 |   117 |   431 |    49 ||   728
